 Dungeon Crawl Stone Soup version 0.30-a0-965-g42e074c17a (webtiles) character file.

Game seed: 10026688359686428422

28504 Newt the Nimble (level 13, -32/96 HPs)
             Began as a Demonspawn Gladiator on Mar 30, 2023.
             Was an Initiate of Hepliaklqana.
             Annihilated by Gastronok (34 damage)
             ... on level 1 of the Orcish Mines on Mar 31, 2023.
             The game lasted 00:25:18 (14045 turns).

Newt the Nimble (Demonspawn Gladiator)             Turns: 14045, Time: 00:25:19

Health: -32/96     AC: 11    Str: 17    XL:     13   Next: 10%
Magic:  0/26       EV: 16    Int: 18    God:    Hepliaklqana [......]
Gold:   1581       SH:  0    Dex: 15    Spells: 21/30 levels left

rFire   . . .      SeeInvis .    e - +2 dagger (spect)
rCold   . . .      Faith    .    (no shield)
rNeg    . . .      Spirit   +    N - +0 troll leather armour
rPois   .          Reflect  .    c - +0 helmet
rElec   .          Rampage  .    (no cloak)
rCorr   .                        J - +1 pair of gloves
Will    .....                    z - +0 pair of boots
Stlth   ++                       m - amulet of guardian spirit
HPRegen 1.16/turn                B - +6 ring of intelligence
MPRegen 0.20/turn                p - +4 ring of slaying

@: no status effects
A: icy blue scales 2, ignite blood 2, demonic magic 3, demonic touch 1
a: Renounce Religion


You were on level 1 of the Orcish Mines.
You worshipped Hepliaklqana.
Hepliaklqana was noncommittal.
You visited 3 branches of the dungeon, and saw 14 of its levels.

You collected 1581 gold pieces.

Inventory:

Hand Weapons
 a - a +0 rapier
 e - a +2 spectral dagger (weapon)
Missiles
 d - 4 throwing nets
 h - a javelin
Armour
 b - a +0 leather armour
 c - a +0 helmet (worn)
 f - a +1 leather armour of willpower
 z - a +0 pair of boots (worn)
 J - a +1 pair of gloves (worn)
 N - a +0 troll leather armour (worn)
 P - +0 acid dragon scales
Jewellery
 l - a ring of protection from cold
 m - an amulet of guardian spirit (around neck)
 o - a +5 ring of evasion
 p - a +4 ring of slaying (right hand)
 q - a +6 ring of dexterity
 B - a +6 ring of intelligence (left hand)
 E - a ring of resist corrosion
Wands
 j - a wand of digging (7)
 y - a wand of roots (15)
 G - a wand of acid (9)
 L - a wand of charming (21)
 M - a wand of mindburst (7)
Scrolls
 k - 6 scrolls of teleportation
 r - a scroll of fear
 w - a scroll of noise
 A - 4 scrolls of enchant weapon
 C - 3 scrolls of magic mapping
 K - a scroll of fog
 Q - a scroll of enchant armour
 S - 3 scrolls of silence {unknown}
 T - a scroll of identify
Potions
 g - a potion of lignification
 i - 3 potions of haste
 n - 4 potions of curing
 s - 3 potions of cancellation
 t - 5 potions of might
 u - 2 potions of ambrosia
 v - a potion of invisibility
 x - a potion of attraction {unknown}
 D - a potion of resistance
 F - a potion of mutation
 H - 3 potions of degeneration
 I - a potion of berserk rage
 R - 2 potions of brilliance {unknown}
Miscellaneous
 O - a tin of tremorstones (inert)


   Skills:
 - Level 7.0 Fighting
 + Level 8.3 Short Blades
 - Level 1.7 Throwing
 - Level 10.0 Dodging
 - Level 1.5 Stealth
 - Level 9.4 Spellcasting
 - Level 3.9 Conjurations
 - Level 8.0 Necromancy
 - Level 3.2 Air Magic
 - Level 9.6 Evocations


You had 21 spell levels left.
You knew the following spells:

 Your Spells              Type           Power      Damage    Failure   Level
a - Shock                 Conj/Air       84%        1d8       2%          1
b - Vampiric Draining     Necr           37%        2d8       1%          3
c - Necrotise             Necr           100%       1d9       1%          1
d - Dispel Undead         Necr           37%        3d15      3%          4

Your spell library contained the following spells:

 Spells                   Type           Power      Damage    Failure   Level
 Kiss of Death            Conj/Necr      100%       2d13      1%          1
 Sublimation of Blood     Necr           37%        N/A       1%          2
 Cigotuvi's Dreadful Rot  Necr/Pois/Air  44%        N/A       3%          2
 Foxfire                  Conj/Fire      60%        2x1d4     4%          1
 Swiftness                Air            20%        N/A       9%          3
 Anguish                  Hex/Necr       11%        N/A       21%         4
 Airstrike                Air            10%        2d(2-18)  26%         4
 Ignite Poison            Fire/Tmut/Pois 8%         N/A       30%         3
 Inner Flame              Hex/Fire       8%         N/A       30%         3
 Flame Wave               Conj/Fire      15%        2d7       41%         4
 Sticky Flame             Conj/Fire      15%        2d4       41%         4
 Death Channel            Necr           18%        N/A       52%         6
 Freezing Cloud           Conj/Ice/Air   8%         6-21      71%         5
 Fireball                 Conj/Fire      7%         3d5       77%         5
 Summon Forest            Summ/Tloc      4%         N/A       96%         5
 Yara's Violent Unravell  Hex/Tmut       4%         3d4       96%         5
 Simulacrum               Ice/Necr       11%        N/A       97%         6
 Eringya's Noxious Bog    Tmut/Pois      4%         N/A       100%        6
 Starburst                Conj/Fire      7%         6d4       100%        6
 Enfeeble                 Hex            4%         N/A       100%        7
 Spellforged Servitor     Conj/Summ      7%         N/A       100%        7
 Summon Hydra             Summ           4%         N/A       100%        7
 Ignition                 Fire           4%         3d4       100%        8
 Polar Vortex             Ice            4%         N/A       100%        9


Dungeon Overview and Level Annotations

Branches:
Dungeon (12/15)            Temple (1/1) D:4            Lair (0/5) D:8
    Orc (1/2) D:9

Altars:
Ashenzari
Cheibriados
Dithmenos
Fedhas
Gozag
Hepliaklqana
Kikubaaqudgha
Makhleb
Nemelex Xobeh
Okawaru
Qazlal
Ru
Sif Muna
Trog
Uskayaw
Vehumet
Wu Jian
Xom
Yredelemnul

Shops:
D:1 (   D:6 :   Orc:1 (

Annotations:
D:11 Erolcha
D:12 2 runed translucent doors, Edeudim Zabb's ghost, journeyman FoFi
Orc:1 Gastronok


Innate Abilities, Weirdness & Mutations

You are mostly covered in icy blue scales. (AC +3)
Your demonic aura often causes spilled blood to erupt in flames.
Spells you cast and wands you use may paralyse nearby enemies.
Your touch may inflict minor irresistible damage on your foes.


Message History

The orc wizard gestures wildly while chanting.
The orc wizard flickers and vanishes!
Deactivating autopickup; reactivate with Ctrl-A.
The gnoll barely misses you. x2
Gastronok is engulfed in blazing flames.
Gastronok bites you!
* * * LOW HITPOINT WARNING * * *
The orc priest shouts!
You hit the orc wizard.
The orc wizard is moderately wounded.
Your +2 spectral dagger hits the orc wizard.
The gnoll closely misses you. x2
Unknown command.
The orc wizard is no longer paralysed.
The gnoll completely misses you. The gnoll barely misses you.
In your confused state, you trip and fall back down the stairs.
* * * LOW HITPOINT WARNING * * *
Gastronok wobbles crazily.
The gnoll misses you. The orc completely misses you.
The gnoll hits you but does no damage.
Unknown command.
The orc warrior is no longer paralysed.
The orc warrior unwields a +0 arbalest.
The orc warrior wields a +1 scimitar of protection.
The orc warrior hits you with a +1 scimitar of protection.
* * * LOW HITPOINT WARNING * * *
The orc wizard misses you.
The orc priest calls down the wrath of Beogh upon you.
Beogh smites you!
* * * LOW HITPOINT WARNING * * *
The gnoll hits you from afar with a +0 spear.
* * * LOW HITPOINT WARNING * * *
The gnoll hits you from afar with a +0 spear.
* * * LOW HITPOINT WARNING * * *
In your confused state, you trip and fall back down the stairs.
* * * LOW HITPOINT WARNING * * *
You feel less confused.
The orc warrior hits you with a +1 scimitar of protection!
* * * LOW HITPOINT WARNING * * *
Gastronok bites you!!
You die...

... .##... ..
..#... .
#.####.#...#
#.##..#......#
.............
.....g..o..
......owo##
#..°@oo#
+...g).°o.....
#.....o#o##...
##......$.# .
........ .o.
..............
#.#.$..... ....
####.$.........


You could see Gastronok (swift), 3 orc warriors, an orc priest, 2 orc wizards, 2
gnolls and 3 orcs.

Vanquished Creatures
  An orc warlord (D:9)
  A hydra (D:10)
  A centaur warrior (D:12)
  A boulder beetle (D:11)
  8 two-headed ogres
  2 soul eaters (D:10)
  A sixfirhy (D:10)
  A deep elf pyromancer (D:12)
  An orc sorcerer (D:9)
  A cyclops (D:11)
  2 manticores (D:12)
  A smoke demon (D:10)
  2 unseen horrors
  A komodo dragon (D:12)
  A red devil (D:10)
  3 trolls
  2 hellwings (D:10)
  A shadow (D:11)
  A wraith (D:10)
  4 wyverns (D:8)
  13 yaks
  A chaos spawn (D:10)
  5 wargs (D:9)
  4 water moccasins (D:8)
  2 orc warriors
  An acid dragon (D:10)
  An ice beast (D:7)
  2 sky beasts (D:7)
  3 black bears
  9 ogres
  4 centaurs (D:12)
  2 phantoms
  3 kobold brigands
  3 gnoll sergeants
  3 bullfrogs
  16 wights
  16 killer bees
  6 howler monkeys
  4 quasits (D:10)
  2 gnoll boudas
  6 hounds
  An orc priest (D:6)
  6 iguanas
  Natasha (thrice) (D:4)
  7 orc wizards
  An ogre zombie (D:11)
  20 gnolls
  9 adders
  3 white imps
  2 ufetubi (D:6)
  A worm (D:4)
  3 dart slugs
  32 orcs
  5 ball pythons
  2 bats
  7 endoplasms
  6 giant cockroaches
  9 goblins
  4 hobgoblins
  6 jackals (D:1)
  5 quokkas
  14 frilled lizards
  37 kobolds
  3 rats
328 creatures vanquished.

Vanquished Creatures (others)
  7 demonic plants (D:10)
  3 fungi
  21 plants
31 creatures vanquished.

Grand Total: 359 creatures vanquished

Notes
Turn   | Place    | Note
-------+----------+-------------------------------------------
     0 | D:1      | Newt the Demonspawn Gladiator began the quest for the Orb.
     0 | D:1      | Reached XP level 1. HP: 16/16 MP: 1/1
   109 | D:1      | Reached skill level 1 in Stealth
   159 | D:1      | Gained mutation: You are partially covered in icy blue
                  | scales. (AC +2) [demonic ancestry]
   159 | D:1      | Reached XP level 2. HP: 22/22 MP: 2/2
   309 | D:1      | Found Estralut's Weapon Shoppe.
   364 | D:1      | Gained mutation: Spells you cast may paralyse adjacent
                  | enemies. [demonic ancestry]
   364 | D:1      | Reached XP level 3. HP: 15/29 MP: 3/3
  1040 | D:2      | Gained mutation: Spells you cast may paralyse nearby
                  | enemies. [demonic ancestry]
  1040 | D:2      | Reached XP level 4. HP: 37/37 MP: 4/4
  1490 | D:3      | Found a burning altar of Makhleb.
  1617 | D:3      | Found a faded altar of an unknown god.
  2112 | D:4      | Noticed a black bear
  2116 | D:4      | Noticed a phantom
  2129 | D:4      | Killed a phantom
  2130 | D:4      | Reached XP level 5. HP: 32/42 MP: 5/5
  2141 | D:4      | Killed a black bear
  2142 | D:4      | Reached skill level 5 in Short Blades
  2142 | D:4      | Gained mutation: Your demonic aura sometimes causes spilled
                  | blood to erupt in flames. [demonic ancestry]
  2142 | D:4      | Reached XP level 6. HP: 35/48 MP: 6/6
  2308 | D:4      | Noticed Natasha
  2312 | D:4      | Killed Natasha
  2313 | D:4      | Reached skill level 1 in Air Magic
  2379 | D:4      | Found a staircase to the Ecumenical Temple.
  2420 | Temple   | Entered the Ecumenical Temple
  2598 | Temple   | Became a worshipper of Kikubaaqudgha
  2630 | D:4      | Reached skill level 1 in Spellcasting
  2643 | D:4      | Noticed Natasha
  2648 | D:4      | Killed Natasha
  2802 | D:4      | Found a blossoming altar of Fedhas.
  2838 | D:4      | Noticed Natasha
  2846 | D:4      | Killed Natasha
  2988 | D:5      | Entered Level 5 of the Dungeon
  3002 | D:5      | Reached XP level 7. HP: 54/54 MP: 10/10
  3137 | D:5      | Learned a level 1 spell: Shock
  3268 | D:5      | Reached skill level 1 in Conjurations
  3332 | D:5      | Got Sif Muna's Disquisition on Putrescence and Assembling
  3492 | D:5      | Reached * piety under Kikubaaqudgha
  3492 | D:5      | Received a gift from Kikubaaqudgha
  3519 | D:5      | Identified the +1 scale mail of Day {Str-3 Int+3 Dex+3
                  | Stlth+}
  3808 | D:5      | Gained mutation: Spells you cast and wands you use may
                  | paralyse nearby enemies. [demonic ancestry]
  3808 | D:5      | Reached XP level 8. HP: 60/60 MP: 10/12
  3841 | D:5      | Reached skill level 1 in Necromancy
  4685 | D:6      | Reached ** piety under Kikubaaqudgha
  4692 | D:6      | Reached skill level 5 in Necromancy
  4741 | D:6      | Found Igyrupil's Book Boutique.
  4903 | D:6      | Learned a level 3 spell: Vampiric Draining
  5670 | D:7      | Gained mutation: Your demonic aura often causes spilled
                  | blood to erupt in flames. [demonic ancestry]
  5670 | D:7      | Reached XP level 9. HP: 42/65 MP: 8/14
  6375 | D:8      | Reached skill level 5 in Spellcasting
  6382 | D:8      | Found a staircase to the Lair.
  6388 | D:8      | Reached skill level 5 in Fighting
  6400 | D:8      | Reached *** piety under Kikubaaqudgha
  6400 | D:8      | Received a gift from Kikubaaqudgha
  6401 | D:8      | Reached skill level 3 in Dodging
  6415 | D:8      | Gained mutation: Your touch may inflict minor irresistible
                  | damage on your foes. [demonic ancestry]
  6415 | D:8      | Reached XP level 10. HP: 13/79 MP: 1/19
  6491 | D:8      | Reached skill level 4 in Dodging
  6792 | D:8      | Reached skill level 5 in Dodging
  6926 | D:8      | Learned a level 1 spell: Necrotise
  6931 | D:8      | Learned a level 4 spell: Dispel Undead
  7200 | D:8      | Found an opulent altar of Gozag.
  7254 | D:9      | Found a staircase to the Orcish Mines.
  7309 | D:9      | Reached skill level 6 in Dodging
  7492 | D:9      | Reached **** piety under Kikubaaqudgha
  7849 | D:9      | Found a broken altar of Ashenzari.
  7865 | D:9      | Noticed a two-headed ogre
  7876 | D:9      | Killed a two-headed ogre
  7877 | D:9      | Reached skill level 7 in Dodging
  7923 | D:9      | Reached XP level 11. HP: 84/84 MP: 20/20
  8884 | D:10     | Entered Level 10 of the Dungeon
  9099 | D:10     | Noticed a four-headed hydra
  9109 | D:10     | Killed a four-headed hydra
  9295 | D:10     | Noticed a soul eater
  9328 | D:10     | Killed a soul eater
  9634 | D:10     | Noticed a two-headed ogre
  9642 | D:10     | Gained mutation: You are mostly covered in icy blue scales.
                  | (AC +3) [demonic ancestry]
  9642 | D:10     | Reached XP level 12. HP: 50/91 MP: 10/24
  9647 | D:10     | Killed a two-headed ogre
 10443 | D:10     | Found an ornate altar of the Wu Jian Council.
 10987 | D:11     | Upgraded the game from 0.30-a0-964-gd452b5e7fa to
                  | 0.30-a0-965-g42e074c17a
 10993 | D:11     | Noticed a two-headed ogre
 10994 | D:11     | Noticed a two-headed ogre
 11012 | D:11     | Killed a two-headed ogre
 11016 | D:11     | Killed a two-headed ogre
 11017 | D:11     | Noticed a two-headed ogre
 11020 | D:11     | Reached skill level 8 in Dodging
 11023 | D:11     | Killed a two-headed ogre
 11023 | D:11     | Reached ***** piety under Kikubaaqudgha
 11203 | D:11     | Noticed a two-headed ogre
 11203 | D:11     | Noticed a two-headed ogre
 11204 | D:11     | Noticed Erolcha
 11205 | D:11     | Noticed a two-headed ogre
 11227 | D:11     | Killed a two-headed ogre
 11247 | D:11     | Killed a two-headed ogre
 11248 | D:11     | Reached skill level 9 in Dodging
 11250 | D:11     | Killed a two-headed ogre
 11517 | D:11     | Noticed a boulder beetle
 11592 | D:10     | HP: 3/91 [soul eater (13)]
 11833 | D:11     | Killed a boulder beetle
 11834 | D:11     | Reached skill level 10 in Dodging
 11865 | D:11     | Identified the +3 flail of the Winnowing Genius {heavy, rF-
                  | rN+ rCorr Dex+3}
 12287 | D:11     | Identified a scroll of acquirement
 12289 | D:11     | Acquired 807 gold pieces
 12649 | D:12     | Noticed a centaur warrior
 12658 | D:12     | Killed a centaur warrior
 13085 | D:12     | Reached XP level 13. HP: 55/96 MP: 11/26
 13288 | D:12     | Found a runed translucent door.
 13288 | D:12     | Found a runed translucent door.
 13295 | D:12     | Noticed a storm dragon
 13298 | D:12     | Noticed a lich
 13299 | D:12     | Noticed Edeudim Zabb's ghost (journeyman FoFi)
 13764 | Temple   | Fell from the grace of Kikubaaqudgha
 13764 | Temple   | Became a worshipper of Hepliaklqana the Forgotten
 13853 | Orc:1    | Entered Level 1 of the Orcish Mines
 13853 | Orc:1    | Noticed Gastronok
 13853 | Orc:1    | Noticed an orc warlord
 13853 | Orc:1    | Found Feluusar's Weapon Boutique.
 13962 | D:9      | Killed an orc warlord
 14045 | Orc:1    | HP: 2/96 [orc warrior/+1 scimitar of protection (10)]
 14045 | Orc:1    | Annihilated by Gastronok

Illustrated notes

Levels and vault maps discovered:
D:1:      onia_arrival_mini_maze_b, layout_rooms, serial_shops, shop_fountains,
          chequers_serial_rivers_micro_c, minmay_lizard_pond
D:2:      minmay_wonky_spiral, layout_basic
D:3:      layout_loops_ring, mainiacjoe_overflow_small_starburst,
          shapermc_ecumenical_altar_gd
D:4:      layout_rooms, mainiacjoe_overflow_concentric_impassable,
          minmay_temple_entry_hall, minmay_three_crescents, uniq_natasha
D:5:      kennysheep_kobold_camp, layout_basic
D:6:      layout_loops_ring, nicolae_wooded_promenade,
          hangedman_decor_clover_reticule, minmay_curled_crystal
D:7:      layout_loops_ring
D:8:      layout_basic, pdpol_temple_overflow_zin_treasury_gozag_greed,
          minmay_lair_entry_grove
D:9:      layout_gridville, lemuel_crystal_altar, minmay_orc_entry_guard_dogs
D:10:     layout_long_grid, nicolae_wu_jian_wuxing_cycle, serial_demonic,
          serial_demonic_a, serial_demonic_b, serial_demonic_d,
          serial_demonic_d, serial_demonic_c, serial_demonic_g
D:11:     lemuel_ogre_cave, layout_layer_cave
D:12:     layout_roguey, muffindrake_ghost_dual_entry, serial_bayou_crossing
Temple:   nicolae_temple_slightly_damp_pantheon
Orc:1:    nicolae_orc_accident_3, layout_caves, serial_shops,
          nicolae_shop_behind_doors, shop, shop, shop, shop,
          kennysheep_orc_sif_temple, uniq_gastronok

Skill      XL: |  1  2  3  4  5  6  7  8  9 10 11 12 13 |
---------------+----------------------------------------+-----
Stealth        | 1 |  1.5
Fighting       | 3 4 7 |  7.0
Short Blades   | 4 5 7 8 |  8.3
Air Magic      | 2 3 |  3.2
Spellcasting   | 2 3 6 8 9 |  9.4
Conjurations   | 3 |  3.9
Necromancy     | 7 8 |  8.0
Dodging        | 3 7 10 | 10.0
Evocations     | 9 |  9.6
Throwing       | |  1.7

Action                     |  1- 3 |  4- 6 |  7- 9 | 10-12 | 13-15 || total
---------------------------+-------+-------+-------+-------+-------++-------
  Melee: Rapier            |   108 |       |       |       |       ||   108
         Punch             |     3 |       |     4 |     8 |     1 ||    16
         Dagger            |    52 |    90 |   240 |   353 |    37 ||   772
         Touch             |       |       |       |    63 |     8 ||    71
  Throw: Javelin           |     2 |       |       |       |       ||     2
   Cast: Shock             |       |       |    20 |    49 |    12 ||    81
         Vampiric Draining |       |       |    10 |       |       ||    10
         Necrotise         |       |       |       |    80 |     5 ||    85
         Dispel Undead     |       |       |       |     6 |       ||     6
  Evoke: Wand              |       |       |       |     5 |     1 ||     6
         Tin of tremorston |       |       |       |     2 |       ||     2
    Use: Scroll            |     2 |    16 |     1 |    12 |       ||    31
         Potion            |       |     2 |       |     4 |       ||     6
   Stab: Sleeping          |     4 |     4 |     2 |     1 |       ||    11
         Distracted        |       |     3 |       |     4 |       ||     7
         Paralysed         |       |       |    34 |    62 |    14 ||   110
         Betrayed ally     |       |       |       |     1 |       ||     1
 Armour: Leather armour    |    64 |    18 |    61 |    33 |       ||   176
         Troll leather arm |       |       |       |   106 |    18 ||   124
  Dodge: Dodged            |   130 |    52 |   112 |   264 |    60 ||   618

Table legend: (Time is in decaauts)
 A = Elapsed time spent in this place.
 B = Non-inter-level travel time spent in this place.
 C = Inter-level travel time spent in this place.
 D = Time resting spent in this place.
 E = Time spent auto-exploring this place.
 F = Levels seen in this place.
 G = Mean time per level.
                   A        B        C        D        E       F      G
               +--------+--------+--------+--------+--------+-----+--------+
         Total |  13863 |  13199 |    664 |   3978 |   7178 |  14 |  990.2 |
       Dungeon |  13617 |  12999 |    618 |   3978 |   7031 |  12 | 1134.8 |
        Temple |    224 |    179 |     45 |      0 |    147 |   1 |  224.0 |
  Orcish Mines |     21 |     21 |      0 |      0 |      0 |   1 |   21.0 |
               +--------+--------+--------+--------+--------+-----+--------+

Top non-repeatable levels by time:
     D:9: 2024 daAuts
    D:10: 1914 daAuts
    D:11: 1477 daAuts
     D:7: 1306 daAuts
     D:5: 1245 daAuts
    D:12: 1098 daAuts
     D:8: 948 daAuts
     D:6: 811 daAuts
     D:2: 713 daAuts
     D:3: 712 daAuts
     D:4: 692 daAuts
     D:1: 671 daAuts
  Temple: 224 daAuts
   Orc:1: 21 daAuts
